[ AOE2 MATCH · #482054335 ]
1v1 RMSaracens vs Ethiopians
Player's team · WIN
[ REPLAY ANALYSIS · EXTRACTED FROM THE RECORDED GAME ]
Feudal
10:32
Castle
23:25
Imperial
—
| APM avg | 24.2 |
| APM peak | 43 |
| eAPM avg | 14.6 |
| Villagers / military | 59 / 87 |
Focus
⚔️ 35.2% · 🌾 64.8%
Archer ×84 · Mangonel ×2 · Militia ×1
Feudal
—
Castle
—
Imperial
—
| APM avg | 30.7 |
| APM peak | 74 |
| eAPM avg | 13.5 |
| Villagers / military | 59 / 80 |
Focus
⚔️ 29.5% · 🌾 70.5%
Skirmisher ×38 · Militia ×25 · Archer ×11 · Spearman ×3 · Monk ×3
Match map
Initial resources + every placement click. Lines = walls · curves = elevation contours. ◆ gold · ⬟ stone · ● berries · ✦ relic · ◌ wall gap
Your base· Open — 3t gap
PreciousManx877's base· Open — unwalled flank
Smoothed initial terrain · ◌ = detected wall gap · hover for details
Inputs per minute
— jerius02 - - PreciousManx877
Build order — jerius02
First 150 of 224 actions detected
| 0:02 | Build | House |
| 0:03 | Create | Villager (Male) |
| 0:03 | Create | Villager (Male) |
| 0:05 | Build | House |
| 0:37 | Create | Villager (Male) |
| 0:53 | Create | Villager (Male) |
| 1:32 | Create | Villager (Male) |
| 2:07 | Build | Lumber Camp |
| 2:08 | Create | Villager (Male) |
| 2:39 | Create | Villager (Male) |
| 2:39 | Create | Villager (Male) |
| 2:55 | Research | Loom |
| 2:56 | Create | Villager (Male) |
| 3:20 | Create | Villager (Male) |
| 4:00 | Build | House |
| 4:41 | Create | Villager (Male) |
| 4:41 | Create | Villager (Male) |
| 4:42 | Create | Villager (Male) |
| 4:42 | Create | Villager (Male) |
| 4:55 | Create | Villager (Male) |
| 5:25 | Create | Villager (Male) |
| 5:42 | Build | Mill |
| 5:44 | Create | Villager (Male) |
| 5:44 | Create | Villager (Male) |
| 6:54 | Create | Villager (Male) |
| 7:09 | Build | House |
| 7:21 | Create | Villager (Male) |
| 7:46 | Build | House |
| 8:13 | Research | Feudal Age |
| 8:38 | Build | Barracks |
| 9:20 | Build | House |
| 9:44 | Create | Villager (Male) |
| 10:08 | Create | Villager (Male) |
| 10:24 | Build | Mining Camp |
| 10:32 | Age | Feudal Age |
| 10:44 | Build | Archery Range |
| 10:55 | Create | Villager (Male) |
| 11:05 | Build | Archery Range |
| 11:17 | Create | Villager (Male) |
| 11:25 | Build | Farm |
| 11:45 | Create | Villager (Male) |
| 11:47 | Research | Double-Bit Axe |
| 12:10 | Create | Archer |
| 12:10 | Create | Archer |
| 12:18 | Create | Villager (Male) |
| 12:28 | Build | House |
| 12:31 | Create | Villager (Male) |
| 12:39 | Build | Farm |
| 12:46 | Build | Farm |
| 12:47 | Create | Villager (Male) |
| 12:50 | Create | Archer |
| 12:50 | Create | Archer |
| 13:07 | Build | Farm |
| 13:20 | Create | Archer |
| 13:20 | Create | Archer |
| 13:34 | Create | Villager (Male) |
| 13:53 | Build | Blacksmith |
| 13:58 | Create | Archer |
| 13:59 | Create | Archer |
| 14:09 | Create | Archer |
| 14:09 | Create | Archer |
| 14:16 | Create | Villager (Male) |
| 14:37 | Build | Farm |
| 14:41 | Build | Farm |
| 14:44 | Build | Farm |
| 14:44 | Build | Farm |
| 14:45 | Build | Farm |
| 14:45 | Build | Farm |
| 14:51 | Build | House |
| 14:55 | Create | Archer |
| 14:55 | Create | Archer |
| 14:55 | Create | Archer |
| 14:57 | Create | Villager (Male) |
| 14:58 | Create | Villager (Male) |
| 15:05 | Create | Archer |
| 15:05 | Create | Archer |
| 15:05 | Create | Archer |
| 15:08 | Create | Villager (Male) |
| 15:20 | Create | Militia |
| 15:24 | Create | Archer |
| 15:24 | Create | Archer |
| 15:25 | Create | Archer |
| 15:31 | Build | House |
| 15:34 | Create | Villager (Male) |
| 15:48 | Build | Palisade Wall |
| 16:01 | Research | Fletching |
| 16:11 | Build | House |
| 16:12 | Create | Villager (Male) |
| 16:48 | Create | Archer |
| 16:48 | Create | Archer |
| 16:48 | Create | Archer |
| 16:57 | Build | House |
| 16:57 | Create | Villager (Male) |
| 16:57 | Create | Villager (Male) |
| 17:06 | Build | Farm |
| 17:06 | Build | Farm |
| 17:07 | Build | Farm |
| 17:12 | Build | Farm |
| 17:20 | Create | Archer |
| 17:21 | Create | Archer |
| 18:14 | Create | Archer |
| 18:14 | Create | Archer |
| 18:14 | Create | Archer |
| 18:15 | Create | Villager (Male) |
| 18:15 | Create | Villager (Male) |
| 18:15 | Create | Villager (Male) |
| 18:36 | Build | Farm |
| 18:55 | Build | Market |
| 18:58 | Create | Villager (Male) |
| 19:08 | Create | Archer |
| 19:08 | Create | Archer |
| 19:08 | Create | Archer |
| 19:23 | Build | Palisade Wall |
| 19:37 | Build | Palisade Wall |
| 19:38 | Create | Villager (Male) |
| 19:40 | Create | Archer |
| 19:40 | Create | Archer |
| 19:51 | Build | Palisade Wall |
| 20:10 | Build | Palisade Wall |
| 20:13 | Create | Villager (Male) |
| 20:32 | Create | Archer |
| 20:32 | Create | Archer |
| 20:32 | Create | Archer |
| 20:43 | Research | Castle Age |
| 21:03 | Create | Archer |
| 21:04 | Create | Archer |
| 21:04 | Create | Archer |
| 21:04 | Create | Archer |
| 21:12 | Create | Villager (Male) |
| 21:16 | Create | Archer |
| 21:16 | Create | Archer |
| 21:25 | Build | Archery Range |
| 21:39 | Create | Archer |
| 21:39 | Create | Archer |
| 21:44 | Build | House |
| 21:45 | Build | House |
| 22:02 | Research | Padded Archer Armor |
| 22:27 | Research | Gold Mining |
| 22:32 | Create | Archer |
| 22:33 | Create | Archer |
| 22:58 | Build | House |
| 23:00 | Build | House |
| 23:08 | Create | Archer |
| 23:08 | Create | Archer |
| 23:08 | Create | Archer |
| 23:25 | Age | Castle Age |
| 23:38 | Build | Palisade Wall |
| 23:39 | Create | Villager (Male) |
| 23:44 | Research | Crossbowman (upgrade) |
| 23:50 | Build | Farm |
Build order — PreciousManx877
First 150 of 170 actions detected
| 0:03 | Build | House |
| 0:05 | Build | House |
| 0:05 | Create | Villager (Male) |
| 0:06 | Create | Villager (Male) |
| 0:06 | Create | Villager (Male) |
| 1:09 | Create | Villager (Male) |
| 1:41 | Create | Villager (Male) |
| 1:41 | Create | Villager (Male) |
| 1:58 | Build | Lumber Camp |
| 2:10 | Create | Villager (Male) |
| 3:03 | Create | Villager (Male) |
| 3:03 | Create | Villager (Male) |
| 3:03 | Create | Villager (Male) |
| 3:52 | Create | Villager (Male) |
| 3:56 | Build | House |
| 4:12 | Create | Villager (Male) |
| 4:45 | Build | Mill |
| 4:51 | Create | Villager (Male) |
| 4:51 | Create | Villager (Male) |
| 4:51 | Create | Villager (Male) |
| 5:46 | Create | Villager (Male) |
| 5:47 | Create | Villager (Male) |
| 6:47 | Create | Villager (Male) |
| 6:47 | Create | Villager (Male) |
| 6:48 | Create | Villager (Male) |
| 7:39 | Research | Loom |
| 7:47 | Build | House |
| 8:00 | Research | Feudal Age |
| 8:07 | Build | Lumber Camp |
| 8:30 | Build | Mining Camp |
| 9:15 | Build | Barracks |
| 10:08 | Create | Villager (Male) |
| 10:22 | Build | Blacksmith |
| 10:26 | Build | House |
| 10:27 | Build | House |
| 10:32 | Build | House |
| 10:36 | Create | Villager (Male) |
| 10:39 | Research | Wheelbarrow |
| 10:46 | Create | Militia |
| 10:49 | Create | Spearman |
| 11:10 | Build | Archery Range |
| 11:17 | Build | House |
| 11:26 | Build | Palisade Wall |
| 11:40 | Create | Villager (Male) |
| 11:41 | Create | Villager (Male) |
| 11:48 | Build | Farm |
| 11:56 | Create | Archer |
| 11:57 | Create | Archer |
| 11:57 | Create | Archer |
| 11:57 | Create | Archer |
| 12:09 | Research | Fletching |
| 12:51 | Create | Villager (Male) |
| 12:55 | Build | Farm |
| 12:56 | Build | Farm |
| 12:56 | Build | Farm |
| 13:18 | Create | Archer |
| 13:18 | Create | Archer |
| 13:29 | Create | Villager (Male) |
| 13:38 | Build | Farm |
| 13:41 | Build | Farm |
| 14:14 | Research | Padded Archer Armor |
| 14:21 | Create | Militia |
| 14:21 | Create | Militia |
| 14:24 | Create | Archer |
| 14:24 | Create | Archer |
| 14:30 | Create | Skirmisher |
| 14:30 | Create | Skirmisher |
| 14:30 | Create | Skirmisher |
| 14:39 | Create | Villager (Male) |
| 14:55 | Build | Farm |
| 14:55 | Build | Farm |
| 14:55 | Build | Farm |
| 14:55 | Build | Farm |
| 14:56 | Build | Farm |
| 15:07 | Build | House |
| 15:14 | Build | House |
| 15:27 | Create | Skirmisher |
| 15:30 | Create | Spearman |
| 15:41 | Create | Villager (Male) |
| 15:42 | Create | Villager (Male) |
| 15:42 | Create | Villager (Male) |
| 17:42 | Build | Farm |
| 17:42 | Build | Farm |
| 17:42 | Build | Farm |
| 17:42 | Build | Farm |
| 17:43 | Build | Farm |
| 18:39 | Build | Farm |
| 18:39 | Build | Farm |
| 18:39 | Build | Farm |
| 18:39 | Build | Farm |
| 18:40 | Build | Farm |
| 18:53 | Create | Villager (Male) |
| 19:03 | Create | Archer |
| 19:03 | Create | Archer |
| 19:03 | Create | Archer |
| 19:26 | Build | House |
| 19:30 | Build | House |
| 19:31 | Build | House |
| 19:36 | Build | House |
| 19:48 | Research | Castle Age |
| 19:49 | Create | Villager (Male) |
| 19:49 | Create | Villager (Male) |
| 20:21 | Create | Skirmisher |
| 20:21 | Create | Skirmisher |
| 20:47 | Create | Spearman |
| 22:29 | Research | Elite Skirmisher (upgrade) |
| 22:31 | Research | Thumb Ring |
| 22:32 | Create | Skirmisher |
| 22:33 | Create | Skirmisher |
| 22:36 | Create | Villager (Male) |
| 22:37 | Create | Villager (Male) |
| 22:37 | Create | Villager (Male) |
| 22:56 | Build | House |
| 23:00 | Research | Double-Bit Axe |
| 23:15 | Build | Town Center |
| 23:37 | Build | Farm |
| 23:41 | Create | Villager (Male) |
| 23:41 | Create | Villager (Male) |
| 24:20 | Build | Monastery |
| 24:31 | Create | Villager (Male) |
| 24:32 | Create | Villager (Male) |
| 24:33 | Create | Villager (Male) |
| 24:43 | Build | Farm |
| 24:43 | Build | Farm |
| 24:44 | Build | Farm |
| 25:09 | Create | Monk |
| 25:13 | Create | Monk |
| 25:33 | Create | Villager (Male) |
| 25:33 | Create | Villager (Male) |
| 25:33 | Create | Villager (Male) |
| 25:38 | Research | Hand Cart |
| 25:50 | Research | Bow Saw |
| 26:17 | Research | Town Watch |
| 26:17 | Create | Villager (Male) |
| 26:18 | Create | Villager (Male) |
| 26:18 | Create | Villager (Male) |
| 26:25 | Build | Town Center |
| 26:38 | Create | Skirmisher ×2 |
| 26:38 | Create | Skirmisher ×2 |
| 26:41 | Create | Skirmisher |
| 27:09 | Create | Skirmisher ×2 |
| 27:53 | Create | Militia ×5 |
| 27:53 | Create | Militia ×5 |
| 27:54 | Create | Militia ×5 |
| 27:57 | Create | Skirmisher ×5 |
| 27:58 | Create | Skirmisher ×5 |
| 28:29 | Create | Militia ×5 |
| 28:50 | Create | Skirmisher |
| 28:50 | Create | Skirmisher |
| 28:50 | Create | Skirmisher |
Match timeline
| 8:38 | jerius02 · first_building Barracks |
| 9:15 | PreciousManx877 · first_building Barracks |
| 10:32 | jerius02 · age_up feudal |
| 10:44 | jerius02 · first_building Archery Range |
| 11:10 | PreciousManx877 · first_building Archery Range |
| 11:26 | PreciousManx877 · wall_segment Palisade Wall x3 |
| 15:48 | jerius02 · wall_segment Palisade Wall x7 |
| 19:23 | jerius02 · wall_segment Palisade Wall x14 |
| 19:37 | jerius02 · wall_segment Palisade Wall x2 |
| 19:51 | jerius02 · wall_segment Palisade Wall x10 |
| 20:10 | jerius02 · wall_segment Palisade Wall x9 |
| 20:17 | jerius02 · first_market_sell 100 wood |
| 20:29 | jerius02 · first_market_buy 100 food |
| 23:25 | jerius02 · age_up castle |
| 23:38 | jerius02 · wall_segment Palisade Wall x3 |
| 24:20 | PreciousManx877 · first_building Monastery |
| 24:58 | jerius02 · wall_segment Palisade Wall x6 |
| 27:20 | jerius02 · first_building Siege Workshop |
| 31:40 | PreciousManx877 · resign |
[ AI ANALYSIS · 1 CREDIT ]
What really happened in this match?
Wolo.gg analyzes every decision: build order, eco, micro, common mistakes by bracket. Personalized analysis on WhatsApp or Discord in 30 seconds.
Civ guide
Saracens
Map guide
Arabia
Perfil
jerius02